 Dungeon Crawl Stone Soup version 0.22.0-38-g04b72b8 (webtiles) character file.

79 leisz the Digger (level 4, -1/26 HPs)
             Began as a Gargoyle Earth Elementalist on Aug 27, 2018.
             Slain by Crazy Yiuf
             ... wielding a +4 quarterstaff of chaos
              (9 damage)
             ... on level 2 of the Dungeon.
             The game lasted 00:04:43 (1406 turns).

leisz the Digger (Gargoyle Earth Elementalist)      Turns: 1406, Time: 00:04:44

Health: -1/26      AC:  5    Str: 11    XL:     4   Next: 38%
Magic:  15/16      EV: 12    Int: 17    God:
Gold:   53         SH:  0    Dex: 10    Spells: 4/8 levels left

rFire    . . .     SeeInvis .   m - +0 long sword
rCold    . . .     Gourm    .   (no shield)
rNeg     + . .     Faith    .   c - +0 robe
rPois    ∞         Spirit   .   (no helmet)
rElec    +         Reflect  .   (no cloak)
rCorr    .         Harm     .   (no gloves)
MR       .....                  (no boots)
Stlth    ++........             (no amulet)
HPRegen  0.08/turn              n - ring of magical power
MPRegen  0.15/turn              (no ring)

@: no status effects
A: negative energy resistance 1, electricity resistance, unbreathing,
petrification resistance, rot immunity, AC +3
a: no special abilities


You were on level 2 of the Dungeon.
You were not hungry.

You visited 1 branch of the dungeon, and saw 2 of its levels.

You collected 53 gold pieces.

Inventory:

Hand Weapons
 e - a +0 club
 m - a +0 long sword (weapon)
Missiles
 b - 7 stones (quivered)
 f - 17 sling bullets
Armour
 c - a +0 robe (worn)
 k - a +0 scale mail
Jewellery
 n - a ring of magical power (left hand)
Scrolls
 g - a scroll of immolation {unknown}
 i - a scroll of remove curse {unknown}
 l - a scroll of identify {unknown}
 o - a scroll of magic mapping {unknown}
Potions
 a - 2 potions of curing {unknown}
 j - a potion of haste {unknown}
Comestibles
 d - 3 rations
 h - 5 chunks of flesh


   Skills:
 + Level 1.7 Fighting
 + Level 1.6 Armour
 - Level 1.6 Dodging
 - Level 2.2 Stealth
 + Level 2.6 Spellcasting
 + Level 1.0 Conjurations
   Level 0.7 Transmutations
 + Level 4.3 Earth Magic


You had 4 spell levels left.
You knew the following spells:

 Your Spells              Type           Power        Failure   Level  Hunger
a - Sandblast             Erth           ###...       3%          1    #......
b - Stone Arrow           Conj/Erth      ##....       19%         3    ###....

Your spell library contained the following spells:

 Spells                   Type           Power        Failure   Level  Hunger
 Passwall                 Tmut/Erth      ##......     10%         2    ##.....
 Petrify                  Tmut/Erth      ##......     54%         4    #####..
 Lee's Rapid Deconstruct  Erth           ###.......   63%         5    ######.


Dungeon Overview and Level Annotations

Branches:
Dungeon (2/15)

Altars:

Annotations:
D:2 Crazy Yiuf


Innate Abilities, Weirdness & Mutations

You are resistant to torment.
Your stone body is resilient. (AC +3)
You are immune to poison.
You resist negative energy. (rN+)
You are resistant to electric shocks. (rElec)
You can survive without breathing.
You are immune to petrification.
You are immune to rotting.


Message History

Aim: Crazy Yiuf, wielding a quarterstaff of chaos and wearing a cloak The blast of sand hits Crazy Yiuf.
Crazy Yiuf is lightly wounded.
b - 7 stones You hit Crazy Yiuf but do no damage.
Crazy Yiuf is lightly wounded.
Crazy Yiuf barely misses you.
You hit Crazy Yiuf.
Crazy Yiuf is moderately wounded.
Crazy Yiuf hits you with a quarterstaff of chaos.
Crazy Yiuf burns you.
You closely miss Crazy Yiuf.
Crazy Yiuf is moderately wounded.
Crazy Yiuf hits you with a quarterstaff of chaos!
Crazy Yiuf burns you.
You hit Crazy Yiuf.
Crazy Yiuf is heavily wounded.
Crazy Yiuf drinks a potion.
Crazy Yiuf is healed!
Crazy Yiuf hits you with a quarterstaff of chaos!
You die...

#.#..##..#.#
####.......#
##....#.##
#####
#..####.##
#)..#
#....>...#
#...#
#.##.##....
... #.#..# #
#g# #.#.##
♣@♣♣ #.#.#
♣♣.♣ #...#
♣.♣♣ #..##
♣♣.♣ ##.#
♣♣.♣♣ #..#
♣♣...♣ #..#
♣....♣ #..#
#....# #..#
#....###..#


You could see Crazy Yiuf.

Vanquished Creatures
  4 adders
  A worm (D:2)
  A dart slug (D:1)
  2 leopard geckos (D:1)
  A giant cockroach (D:1)
  6 goblins
  5 hobgoblins
  3 kobolds
  8 bats
  2 frilled lizards (D:1)
  5 rats
38 creatures vanquished.

Notes
Turn   | Place    | Note
-------+----------+-------------------------------------------
     0 | D:1      | leisz the Gargoyle Earth Elementalist began the quest for the Orb.
     0 | D:1      | Reached XP level 1. HP: 10/10 MP: 3/3
   209 | D:1      | Reached XP level 2. HP: 16/16 MP: 5/5
   525 | D:1      | Reached skill level 1 in Fighting
   552 | D:1      | Reached skill level 4 in Earth Magic
   610 | D:1      | Reached skill level 1 in Armour
   610 | D:1      | Reached XP level 3. HP: 20/20 MP: 2/6
   858 | D:1      | Learned a level 3 spell: Stone Arrow
  1002 | D:1      | Reached XP level 4. HP: 18/25 MP: 0/7
  1317 | D:2      | Reached skill level 1 in Conjurations
  1397 | D:2      | Found a runed door.
  1401 | D:2      | Noticed Crazy Yiuf
  1406 | D:2      | Slain by Crazy Yiuf

Skill      XL: |  1  2  3  4 |
---------------+-------------+-----
Fighting       | 1 |  1.7
Earth Magic    | 4 |  4.3
Armour         | 1 |  1.6
Conjurations   | 1 |  1.0
Dodging        | |  1.6
Stealth        | |  2.2
Spellcasting   | |  2.6
Transmutations | |  0.7

Action                   |  1- 3 |  4- 6 || total
-------------------------+-------+-------++-------
Melee: Club              |    41 |    15 ||    56
       Long sword        |       |    11 ||    11
 Cast: Sandblast         |    36 |    12 ||    48
 Stab: Sleeping          |     2 |       ||     2
  Eat: Chunk             |     1 |     1 ||     2
Armor: Robe              |    30 |    15 ||    45
Dodge: Dodged            |    61 |    30 ||    91
       Rpst.: Long sword |       |     2 ||     2
